 Dungeon Crawl Stone Soup version 0.30.0-10-gfe55d96785 (webtiles) character file.

Game seed: 852223490854851381

545 Foic the Poker (level 7, -29/60 HPs)
             Began as a Gnoll Chaos Knight on May 15, 2023.
             Was a Plaything of Xom.
             Annihilated by an ogre
             ... wielding a +0 giant club
              (31 damage)
             ... on level 5 of the Dungeon.
             The game lasted 00:10:02 (3406 turns).

Foic the Poker (Gnoll Chaos Knight)                 Turns: 3406, Time: 00:10:05

Health: -29/60     AC: 14    Str:  8 (11) XL:     7   Next: 27%
Magic:  0/10       EV:  1    Int: 11 (12) God:    Xom [.*....]
Gold:   253        SH:  0    Dex: 12 (13) Spells: 11/11 levels left

rFire   . . .        v - +2 quarterstaff (chaos)
rCold   . . .        (shield currently unavailable)
rNeg    . . .        g - +0 plate armour
rPois   .            p - +0 helmet
rElec   .            w - +0 cloak
rCorr   .            (no gloves)
SInv    .            (no boots)
Will    .....        k - amulet of guardian spirit Stlth
                     (no ring)
HPRegen 0.30/turn    (no ring)
MPRegen 0.12/turn

%: guardian spirit
@: flying
A: fangs 1, strong nose, distributed training
a: Renounce Religion


You were on level 5 of the Dungeon.
You worshipped Xom.
You were a plaything of Xom.
You visited 2 branches of the dungeon, and saw 6 of its levels.

You collected 253 gold pieces.

Inventory:

Hand Weapons
 a - a +0 spear of chaos
 v - a +2 quarterstaff of chaos (weapon)
Missiles
 d - 44 stones
 s - 2 boomerangs
Armour
 b - a +2 leather armour
 e - a +0 ring mail
 g - a +0 plate armour (worn)
 p - a +0 helmet (worn)
 w - a +0 cloak (worn)
Jewellery
 k - an amulet of guardian spirit (around neck)
Scrolls
 f - a scroll of poison {unknown}
 i - 4 scrolls of identify {unknown}
 j - 2 scrolls of noise {unknown}
 l - 2 scrolls of enchant armour {unknown}
 n - a scroll of teleportation {unknown}
 o - 2 scrolls of fog {unknown}
 q - a scroll of magic mapping {unknown}
 r - a scroll of fear {unknown}
Potions
 h - 3 potions of ambrosia
Miscellaneous
 c - a piece from Xom's chessboard (12/15) (quivered)


   Skills:
 + Level 7.0 Fighting
 + Level 2.5 Short Blades
 + Level 2.5 Long Blades
 + Level 2.5 Axes
 + Level 2.5 Maces & Flails
 + Level 7.0 Polearms
 + Level 2.5 Staves
 + Level 2.5 Ranged Weapons
 + Level 2.5 Throwing
 + Level 5.2 Armour
 + Level 3.6 Dodging
 + Level 2.5 Stealth
 + Level 2.5 Shields
 + Level 2.5 Unarmed Combat
 + Level 2.5 Spellcasting
 + Level 2.0 Conjurations
 + Level 2.0 Hexes
 + Level 2.0 Summonings
 + Level 2.0 Necromancy
 + Level 2.0 Translocations
 + Level 2.0 Transmutations
 + Level 2.0 Fire Magic
 + Level 2.0 Ice Magic
 + Level 2.0 Air Magic
 + Level 2.0 Earth Magic
 + Level 2.0 Poison Magic
 + Level 2.7 Invocations
 + Level 2.5 Evocations


You had 11 spell levels left.
You didn't know any spells.
Your spell library contained the following spells:

 Spells                   Type           Power      Damage    Failure   Level
 Apportation              Tloc           10%        N/A       100%        1
 Necrotise                Necr           20%        1d5       100%        1
 Summon Small Mammal      Summ           20%        N/A       100%        1
 Inner Flame              Hex/Fire       5%         N/A       100%        3
 Flame Wave               Conj/Fire      5%         2d5       100%        4
 Sticky Flame             Conj/Fire      5%         2d3       100%        4


Dungeon Overview and Level Annotations

Branches:
Dungeon (5/15)             Temple (1/1) D:4

Altars:
Ashenzari
Cheibriados
Dithmenos
Elyvilon
Fedhas
Gozag
Kikubaaqudgha
Makhleb
Nemelex Xobeh
Okawaru
Qazlal
Ru
Sif Muna
Trog
Uskayaw
Vehumet
Wu Jian
Xom
Yredelemnul
Zin
The Shining One


Innate Abilities, Weirdness & Mutations

You have very sharp teeth.
Your uncanny sense of smell can sniff out nearby items.
Your experience applies equally to all skills.


Message History

The ogre resists with significant effort.
The ogre barely misses you.
Non-targeted evoke: piece from Xom's chessboard (14/15)
Press: ? - help, Q - select action, (/) - cycle Dir - look around, f - activate Look: an ogre, wielding a +0 giant club You make a move on Xom's chessboard...
The ogre resists with significant effort.
Xom asks Qazlal to spice things up a little.
You are now a plaything of Xom.
Non-targeted evoke: piece from Xom's chessboard (13/15)
Press: ? - help, Q - select action, (/) - cycle Dir - look around, f - activate Look: an ogre, wielding a +0 giant club (black smoke)
You make a move on Xom's chessboard...
The ogre seems to grow stronger.
The ogre hits you with a +0 giant club!!
You emit a cloud of colourful smoke!
It was a potion of flight.
You feel very buoyant.
You fly up into the air.
Xom roars with laughter!
The ogre hits you with a +0 giant club.
It was a potion of degeneration.
There was something very wrong with that liquid.
You feel weakened.
You feel dopey.
You feel clumsy.
It was a potion of magic.
Magic courses through your body. The ogre hits you with a +0 giant club!
You barely miss the ogre. The ogre hits you with a +0 giant club!
* * * LOW HITPOINT WARNING * * *
You hit the ogre.
The ogre appears confused.
You bite the ogre.
The ogre is lightly wounded.
The ogre hits you with a +0 giant club!
* * * LOW HITPOINT WARNING * * *
You sock the ogre! You freeze the ogre.
The ogre is heavily wounded.
You catch the helpless ogre completely off-guard!
You hit the ogre.
The ogre suddenly seems more resistant.
You bite the ogre.
The ogre is severely wounded.
The ogre hits you with a +0 giant club!!
Ouch! That really hurt!
You die...
Xom chortles!

.## ....###
.....#.. ........
#>..#..
#.....####
###.#......##...#
..!.....@.......#
.......§O###.....
......)§§§§§....#
........§§§§$#...
........§§####
.........##
..........
..##.#..... .
####...#


You could see an ogre (strong, resistant, confused).

Vanquished Creatures
  A dream sheep (shapeshifter) (D:4)
  A sky beast (D:4)
  Dowan (D:4)
  A jelly (D:3)
  Crazy Yiuf (D:4)
  A hound (D:4)
  An iguana (D:4)
  Robin (D:3)
  2 adders
  2 worms (D:4)
  3 dart slugs
  2 orcs
  8 endoplasms
  4 giant cockroaches
  16 goblins
  8 hobgoblins
  3 jackals (D:1)
  3 quokkas
  A ball python (D:3)
  3 bats
  A frilled lizard (D:1)
  4 kobolds
  2 rats
70 creatures vanquished.

Notes
Turn   | Place    | Note
-------+----------+-------------------------------------------
     0 | D:1      | Foic the Gnoll Chaos Knight began the quest for the Orb.
     0 | D:1      | Reached XP level 1. HP: 23/23 MP: 1/1
   280 | D:1      | Reached XP level 2. HP: 29/29 MP: 2/2
   579 | D:1      | XOM: enchant monster (good)
   586 | D:1      | Reached XP level 3. HP: 35/35 MP: 3/3
  1147 | D:2      | Reached skill level 1 in Invocations
  1481 | D:3      | XOM: potion effect (invisibility)
  1488 | D:3      | Found an iron altar of Okawaru.
  1492 | D:3      | Reached skill level 1 in Short Blades
  1492 | D:3      | Reached skill level 1 in Long Blades
  1492 | D:3      | Reached skill level 1 in Axes
  1492 | D:3      | Reached skill level 1 in Maces & Flails
  1492 | D:3      | Reached skill level 1 in Staves
  1492 | D:3      | Reached skill level 1 in Ranged Weapons
  1492 | D:3      | Reached skill level 1 in Throwing
  1492 | D:3      | Reached skill level 1 in Stealth
  1492 | D:3      | Reached skill level 1 in Shields
  1492 | D:3      | Reached skill level 1 in Unarmed Combat
  1492 | D:3      | Reached skill level 1 in Spellcasting
  1492 | D:3      | Reached skill level 1 in Evocations
  1556 | D:3      | Found a sacrificial altar of Ru.
  1562 | D:3      | XOM: draining
  1566 | D:3      | XOM: polymorph adder -> jelly
  1567 | D:3      | XOM: god gift: 24 gold pieces
  1569 | D:3      | Reached skill level 1 in Conjurations
  1569 | D:3      | Reached skill level 1 in Hexes
  1569 | D:3      | Reached skill level 1 in Summonings
  1569 | D:3      | Reached skill level 1 in Necromancy
  1569 | D:3      | Reached skill level 1 in Translocations
  1569 | D:3      | Reached skill level 1 in Transmutations
  1569 | D:3      | Reached skill level 1 in Fire Magic
  1569 | D:3      | Reached skill level 1 in Ice Magic
  1569 | D:3      | Reached skill level 1 in Air Magic
  1569 | D:3      | Reached skill level 1 in Earth Magic
  1569 | D:3      | Reached skill level 1 in Poison Magic
  1569 | D:3      | Reached XP level 4. HP: 28/39 MP: 5/5
  1667 | D:3      | Noticed Robin
  1699 | D:3      | Killed Robin
  1743 | D:3      | XOM: 3-stop teleportation journey
  1997 | D:3      | Identified the +6 whip of the Blue Skies {pain, Str+3}
  2033 | D:3      | Reached XP level 5. HP: 45/47 MP: 7/7
  2204 | D:4      | XOM: stealth player
  2242 | D:4      | Noticed Duvessa
  2265 | D:4      | Duvessa changed into Duvessa the glowing shapeshifter
  2265 | D:4      | Noticed Duvessa (glowing shapeshifter)
  2265 | D:4      | XOM: confusion
  2265 | D:4      | Duvessa the glowing shapeshifter changed into Duvessa the
                  | moth of wrath
  2265 | D:4      | Noticed Duvessa (glowing shapeshifter)
  2266 | D:4      | Duvessa the moth of wrath changed into Duvessa the orb
                  | spider
  2266 | D:4      | Noticed Duvessa (glowing shapeshifter)
  2271 | D:4      | Duvessa the orb spider changed into Duvessa the deep troll
  2271 | D:4      | Noticed Duvessa (glowing shapeshifter)
  2274 | D:4      | XOM: divination: detect creatures
  2278 | D:4      | Duvessa the deep troll changed into Duvessa the faun
  2278 | D:4      | Noticed Duvessa (glowing shapeshifter)
  2286 | D:4      | HP: 2/47 [Duvessa the faun (glowing shapeshifter) (3)]
  2288 | D:4      | Duvessa the faun changed into Duvessa the dream sheep
  2288 | D:4      | Noticed Duvessa (glowing shapeshifter)
  2292 | D:4      | Killed Duvessa the dream sheep
  2293 | D:4      | Reached skill level 5 in Armour
  2293 | D:4      | Reached XP level 6. HP: 13/53 MP: 1/9
  2590 | D:4      | Found a staircase to the Ecumenical Temple.
  2590 | D:4      | XOM: 9-stop teleportation journey
  2614 | D:4      | XOM: 9-stop teleportation journey
  2695 | D:4      | XOM: stat loss: -1 Int (11/12)
  2704 | Temple   | Entered the Ecumenical Temple
  2879 | D:4      | Found a white marble altar of Elyvilon.
  2891 | D:4      | Found a hide-covered altar of Uskayaw.
  2895 | D:4      | Found a shimmering altar of Xom.
  2967 | D:4      | Noticed Dowan
  2977 | D:4      | Killed Dowan
  3170 | D:4      | Found a runed translucent door.
  3171 | D:4      | Noticed Crazy Yiuf
  3175 | D:4      | XOM: swap monsters
  3178 | D:4      | Killed Crazy Yiuf
  3179 | D:4      | Reached XP level 7. HP: 60/60 MP: 10/10
  3214 | D:5      | Entered Level 5 of the Dungeon
  3227 | D:4      | XOM: divination: detect items
  3230 | D:4      | XOM: smoke on damage
  3396 | D:5      | XOM: fog
  3397 | D:5      | XOM: smoke on damage
  3404 | D:5      | HP: 2/60 [ogre/+0 giant club (14)]
  3406 | D:5      | Annihilated by an ogre

Illustrated notes

Levels and vault maps discovered:
D:1:      dpeg_arrival_circle_labyrinth_a, layout_basic
D:2:      layout_loops_ring
D:3:      layout_basic, overflow_temple_1_default, kennysheep_okawaru_gauntlet,
          nicolae_concentric_dashed_squares_mild, uniq_robin
D:4:      layout_loops_ring, grunt_temple_overflow_open,
          minmay_temple_entry_drinking_statues, uniq_duvessa,
          uniq_crazy_yiuf_cottage
D:5:      gammafunk_cloud_chamber, layout_cave_pools, serial_undead,
          serial_undead_c, serial_undead_c, serial_undead_e, serial_undead_f,
          serial_undead_b, serial_undead_e, uniq_pikel
Temple:   kb_temple_of_zot

Skill      XL: |  1  2  3  4  5  6  7 |
---------------+----------------------+-----
Invocations    | 1 2 |  2.7
Short Blades   | 1 2 |  2.5
Long Blades    | 1 2 |  2.5
Axes           | 1 2 |  2.5
Maces & Flails | 1 2 |  2.5
Staves         | 1 2 |  2.5
Ranged Weapons | 1 2 |  2.5
Throwing       | 1 2 |  2.5
Stealth        | 1 2 |  2.5
Shields        | 1 2 |  2.5
Unarmed Combat | 1 2 |  2.5
Spellcasting   | 1 2 |  2.5
Evocations     | 1 2 |  2.5
Conjurations   | 1 2 |  2.0
Hexes          | 1 2 |  2.0
Summonings     | 1 2 |  2.0
Necromancy     | 1 2 |  2.0
Translocations | 1 2 |  2.0
Transmutations | 1 2 |  2.0
Fire Magic     | 1 2 |  2.0
Ice Magic      | 1 2 |  2.0
Air Magic      | 1 2 |  2.0
Earth Magic    | 1 2 |  2.0
Poison Magic   | 1 2 |  2.0
Armour         | 5 |  5.2
Dodging        | 3 |  3.6
Fighting       | 7 |  7.0
Polearms       | 7 |  7.0

Action                     |  1- 3 |  4- 6 |  7- 9 || total
---------------------------+-------+-------+-------++-------
  Melee: Spear             |   108 |   153 |       ||   261
         Bite              |    10 |    16 |     3 ||    29
         Punch             |     2 |     4 |       ||     6
         Quarterstaff      |       |       |    21 ||    21
  Evoke: Piece from Xom's  |       |       |     3 ||     3
    Use: Potion            |       |     3 |     3 ||     6
   Stab: Sleeping          |     1 |       |       ||     1
         Invisible         |     1 |       |       ||     1
         Confused          |       |     1 |     1 ||     2
         Paralysed         |       |     3 |       ||     3
 Armour: Ring mail         |     2 |       |       ||     2
         Plate armour      |    35 |    63 |    20 ||   118
         Leather armour    |     1 |       |       ||     1
  Dodge: Dodged            |    12 |    14 |     3 ||    29
